 Dungeon Crawl Stone Soup version 0.30-a0-722-g3e6e8c874d (webtiles) character file.

Game seed: 10680821305776841846

65 Hubris850 the Ducker (level 3, -1/28 HPs)
             Began as a Demonspawn Gladiator on Jan 27, 2023.
             Slain by Sigmund
             ... wielding a +0 scythe
              (10 damage)
             ... on level 2 of the Dungeon.
             The game lasted 00:03:12 (710 turns).

Hubris850 the Ducker (Demonspawn Gladiator)          Turns: 710, Time: 00:03:13

Health: -1/28      AC:  4    Str: 14    XL:     3   Next: 92%
Magic:  3/3        EV: 12    Int: 11    God:
Gold:   86         SH:  0    Dex: 14    Spells: 2/2 levels left

rFire   . . .      SeeInvis .    a - +0 war axe
rCold   . . .      Faith    .    (no shield)
rNeg    . . .      Spirit   .    b - +0 leather armour
rPois   .          Reflect  .    c - +0 helmet
rElec   .          Harm     .    (no cloak)
rCorr   .          Rampage  .    (no gloves)
Will    .....                    (no boots)
Stlth   +                        (no amulet)
HPRegen 0.24/turn                (no ring)
MPRegen 0.08/turn                (no ring)

@: attractive, unable to drink
A: hooves 2, demonic guardian 1, inability to drink after injury 1
a: no special abilities


You were on level 2 of the Dungeon.
You visited 1 branch of the dungeon, and saw 2 of its levels.

You collected 86 gold pieces.

Inventory:

Hand Weapons
 a - a +0 war axe (weapon)
 k - a +0 glaive
Missiles
 d - 2 throwing nets (quivered)
 e - a javelin
Armour
 b - a +0 leather armour (worn)
 c - a +0 helmet (worn)
Scrolls
 j - a scroll of poison {unknown}
 l - a scroll of magic mapping {unknown}
Potions
 g - a potion of attraction
 h - a potion of heal wounds {unknown}
 i - a potion of might {unknown}
 m - a potion of mutation


   Skills:
 + Level 2.8 Fighting
 - Level 2.6 Axes
 + Level 2.6 Throwing
 + Level 3.3 Dodging


You had 2 spell levels left.
You didn't know any spells.
Your spell library was empty.

Dungeon Overview and Level Annotations

Branches:
Dungeon (2/15)

Altars:
Trog

Annotations:
D:2 Sigmund


Innate Abilities, Weirdness & Mutations

You have hoof-like feet.
A weak demonic guardian rushes to your aid.
You occasionally lose the ability to drink potions when taking damage.


Message History

The bat hits you.
A ball python comes into view.
Something barely misses you. The bat hits you but does no damage.
Your white imp gestures at the bat.
The puff of frost hits the bat!
The bat dies!
You hear some strange, mumbled words.
You are confused.
Something hits you but does no damage. Something hits you.
* * * LOW HITPOINT WARNING * * *
Your white imp hits the kobold.
Your white imp freezes the kobold.
The kobold dies!
Found a stone staircase leading down.
Something hits you.
* * * LOW HITPOINT WARNING * * *
You're too confused to move!
You feel less confused.
It was a potion of attraction.
You feel attractive to monsters. The rat closely misses your white imp.
Something hits you but does no damage. Something is attracted toward you.
It was a potion of mutation.
You feel extremely strange.
Your feet thicken and deform.
You occasionally lose the ability to drink potions when taking damage.
The rat barely misses your white imp. Something hits you but does no damage.
It was a potion of curing.
You feel better.
The rat bites your white imp but does no damage.
Your white imp hits the rat.
Your white imp freezes the rat.
The rat dies!
You miss something. You kick something! Something hits you but does no damage.
You slash something!
Your white imp disappears in a puff of smoke!
Something hits you but does no damage.
You barely miss something. Your kick misses something. Something hits you.
A demonic guardian appears!
You closely miss something. Something hits you.
You closely miss something. Your kick misses something. Something hits you!
You feel threatened and lose the ability to drink potions!
You die...

#.....####....... .
#................ ..
.... ..#.....<. ...
#.####......... ....
#......#....... .....
##......<.......
.....)###....)..........
......†.....{.)......###
.>.?..##....@.†......#
..... ##.(.5......#.#
.... #..........#.# ...
#............. ..
#.............. #
#.............
#............
#..........> #..........


You could see a friendly shadow imp (summoned).

Vanquished Creatures
  A gnoll (D:1)
  2 adders (D:2)
  A worm (D:2)
  3 endoplasms
  A giant cockroach (D:1)
  A goblin (D:2)
  2 hobgoblins (D:1)
  8 jackals (D:2)
  2 kobolds
  3 ball pythons
  2 bats (D:1)
  A frilled lizard (D:1)
  4 rats
31 creatures vanquished.

Vanquished Creatures (collateral kills)
  A bat (D:2)
  A kobold (D:2)
  A rat (D:2)
3 creatures vanquished.

Grand Total: 34 creatures vanquished

Notes
Turn   | Place    | Note
-------+----------+-------------------------------------------
     0 | D:1      | Hubris850 the Demonspawn Gladiator began the quest for the
                  | Orb.
     0 | D:1      | Reached XP level 1. HP: 16/16 MP: 1/1
    45 | D:1      | Gained mutation: You have large cloven feet. [demonic
                  | ancestry]
    45 | D:1      | Reached XP level 2. HP: 22/22 MP: 2/2
   130 | D:1      | Reached skill level 3 in Dodging
   554 | D:2      | Found a bloodstained altar of Trog.
   573 | D:2      | Gained mutation: A weak demonic guardian rushes to your
                  | aid. [demonic ancestry]
   573 | D:2      | Reached XP level 3. HP: 25/28 MP: 3/3
   676 | D:2      | Noticed Sigmund
   704 | D:2      | Gained mutation: You have hoof-like feet. [potion of
                  | mutation]
   704 | D:2      | Gained mutation: You occasionally lose the ability to drink
                  | potions when taking damage. [potion of mutation]
   710 | D:2      | Slain by Sigmund

Illustrated notes

Levels and vault maps discovered:
D:1:      shiori_shiawase, layout_basic, hangedman_decor_riveting
D:2:      layout_rooms, basic_altar, uniq_sigmund

Skill      XL: |  1  2 |
---------------+-------+-----
Throwing       | 2 |  2.6
Dodging        | 3 |  3.3
Fighting       | |  2.8
Axes           | |  2.6

Action                     || total
---------------------------++-------
  Melee: War axe           ||    80
         Kick              ||    12
         Punch             ||     1
  Throw: Throwing net      ||     1
    Use: Potion            ||     3
 Armour: Leather armour    ||    41
  Dodge: Dodged            ||    81

Table legend: (Time is in decaauts)
 A = Elapsed time spent in this place.
 B = Non-inter-level travel time spent in this place.
 C = Inter-level travel time spent in this place.
 D = Time resting spent in this place.
 E = Time spent auto-exploring this place.
 F = Levels seen in this place.
 G = Mean time per level.
                   A        B        C        D        E       F      G
               +--------+--------+--------+--------+--------+-----+--------+
         Total |    738 |    713 |     25 |     31 |    466 |   2 |  369.0 |
       Dungeon |    738 |    713 |     25 |     31 |    466 |   2 |  369.0 |
               +--------+--------+--------+--------+--------+-----+--------+

Top non-repeatable levels by time:
     D:1: 566 daAuts
     D:2: 171 daAuts
